 Dungeon Crawl Stone Soup version 0.29-a0-923-g6e406bff71 (webtiles) character file.

Game seed: 5391181890344624183

67 Gargoyl the Trooper (level 4, -3/29 HPs)
             Began as a Gargoyle Berserker on July 28, 2022.
             Was a Believer of Trog.
             Killed from afar by Jessica (16 damage)
             ... with a bolt of dispelling energy
             ... on level 2 of the Dungeon.
             The game lasted 00:01:49 (1370 turns).

Gargoyl the Trooper (Gargoyle Berserker)            Turns: 1370, Time: 00:01:49

Health: -3/29      AC: 12    Str: 21    XL:     4   Next: 18%
Magic:  4/4        EV:  8    Int:  7    God:    Trog [**....]
Gold:   76         SH:  0    Dex: 11    Spells: 3/3 levels left

rFire   . . .      SeeInvis .   e - +7 Throatcutter {drain, coup de grace}
rCold   . . .      Faith    .   (no shield)
rNeg    + . .      Spirit   .   c - +0 chain mail
rPois   ∞          Reflect  .   (no helmet)
rElec   +          Harm     .   (no cloak)
rCorr   .          Rampage  .   (no gloves)
Will    .....                   (no boots)
Stlth   ..........              (no amulet)
HPRegen 0.09/turn               (no ring)
MPRegen 0.09/turn               (no ring)

@: no status effects
A: sickness immunity, AC +3, negative energy resistance 1, electricity
resistance, torment resistance 1, petrification resistance
a: Renounce Religion, Berserk, Trog's Hand


You were on level 2 of the Dungeon.
You worshipped Trog.
Trog was pleased with you.
You visited 1 branch of the dungeon, and saw 2 of its levels.

You collected 76 gold pieces.

Inventory:

Hand Weapons
 a - a +0 hand axe
 e - the +7 Throatcutter (weapon) {drain, coup de grace}
   (You took it off Terence on level 2 of the Dungeon)

   A truly terrible weapon, it drains the life of any living foe it strikes.
   It may instantly kill foes which have little health.
Armour
 c - a +0 chain mail (worn)
Jewellery
 f - a ring of positive energy
Potions
 b - a potion of might
 d - 3 potions of haste {unknown}
 g - a potion of attraction {unknown}
 h - a potion of flight {unknown}


   Skills:
 + Level 3.9 Fighting
 + Level 3.7 Axes
 + Level 2.6 Armour
 + Level 1.8 Dodging


You had 3 spell levels left.
You didn't know any spells.
Your spell library was empty.

Dungeon Overview and Level Annotations

Branches:
Dungeon (2/15)

Altars:

Annotations:
D:2 Jessica


Innate Abilities, Weirdness & Mutations

You are immune to sickness and miasma.
Your stone body is resilient. (AC +3)
You are immune to poison.
You resist negative energy. (rN+)
You are resistant to electric shocks. (rElec)
You are resistant to unholy torment.
You are immune to petrification.


Message History

You hit the endoplasm. You drain the endoplasm.
You kill the endoplasm!
Trog accepts your kill. The bat closely misses you.
The bat hits you but does no damage.
You barely miss the bat. The bat barely misses you. x2
You slash the bat!
You kill the bat!
Trog accepts your kill.
You can now call upon Trog for regeneration and willpower.
The bat hits you but does no damage.
You slash the bat!
You kill the bat!
Trog accepts your kill.
You see here a hobgoblin corpse.
h - an orange potion You see here a hobgoblin corpse.
Jessica and a bat come into view.
Jessica is wielding a +0 club, wearing a +1 robe of positive energy and carrying a wand of quicksilver (3).
Jessica shouts!
You hear a shout!
There are monsters nearby!
The bat barely misses you.
Jessica zaps a wand.
The bolt of dispelling energy misses the bat.
The bolt of dispelling energy hits you!
You slash the bat!
You kill the bat!
Trog accepts your kill.
A hobgoblin comes into view.
Jessica gestures at you while chanting. Pain shoots through your body!
Jessica casts a spell.
Jessica blinks!
The hobgoblin completely misses you.
You slash the hobgoblin!
You kill the hobgoblin!
Trog accepts your kill.
A hobgoblin comes into view.
The hobgoblin shouts!
Jessica zaps a wand.
The bolt of dispelling energy hits you!
Ouch! That really hurt!
You die...

#.# #.# #g# #.#
#.# #. #.# # #.
#@# # #.# #@# ##
#.# #.# .# #.# #.#
.# #.# #.#
.#######.#######.#
.......#.........#
#.####†#..########
#..#......#
##.######.#


You could see Jessica and a hobgoblin.

Vanquished Creatures
  Terence (D:2)
  3 dart slugs
  3 endoplasms
  2 giant cockroaches (D:1)
  A goblin (D:1)
  4 hobgoblins
  3 jackals (D:1)
  4 kobolds (D:1)
  A quokka (D:1)
  3 ball pythons
  6 bats
  2 frilled lizards (D:1)
  3 rats (D:1)
36 creatures vanquished.

Notes
Turn   | Place    | Note
-------+----------+-------------------------------------------
     0 | D:1      | Gargoyl the Gargoyle Berserker began the quest for the Orb.
     0 | D:1      | Reached XP level 1. HP: 14/14 MP: 1/1
     5 | D:1      | Noticed an electric eel
   174 | D:1      | Reached XP level 2. HP: 19/19 MP: 2/2
   783 | D:1      | Reached XP level 3. HP: 20/24 MP: 3/3
  1186 | D:2      | Noticed Terence
  1196 | D:2      | Killed Terence
  1197 | D:2      | Reached XP level 4. HP: 28/29 MP: 4/4
  1341 | D:2      | Reached ** piety under Trog
  1362 | D:2      | Noticed Jessica
  1370 | D:2      | Killed from afar by Jessica

Illustrated notes

Levels and vault maps discovered:
D:1:      arrival_aquarium_a, layout_loops_ring, minmay_pentomino_w2
D:2:      layout_basic, basic_altar, uniq_jessica, uniq_terence

Skill      XL: |  1 |
---------------+----+-----
Axes           | 3 |  3.7
Fighting       | |  3.9
Armour         | |  2.6
Dodging        | |  1.8

Action                   |  1- 3 |  4- 6 || total
-------------------------+-------+-------++-------
Melee: Hand axe          |    85 |       ||    85
       Punch             |     1 |       ||     1
       Long sword        |       |     8 ||     8
Invok: Berserk           |     1 |       ||     1
  Use: Scroll            |     3 |       ||     3
Armor: Animal skin       |     2 |       ||     2
       Chain mail        |    73 |     6 ||    79
Dodge: Dodged            |    53 |     9 ||    62

Table legend: (Time is in decaauts)
 A = Elapsed time spent in this place.
 B = Non-inter-level travel time spent in this place.
 C = Inter-level travel time spent in this place.
 D = Time resting spent in this place.
 E = Time spent auto-exploring this place.
 F = Levels seen in this place.
 G = Mean time per level.
                   A        B        C        D        E       F      G
               +--------+--------+--------+--------+--------+-----+--------+
         Total |   1394 |   1365 |     29 |      0 |   1091 |   2 |  697.0 |
       Dungeon |   1394 |   1365 |     29 |      0 |   1091 |   2 |  697.0 |
               +--------+--------+--------+--------+--------+-----+--------+

Top non-repeatable levels by time:
     D:1: 1173 daAuts
     D:2: 220 daAuts
